 Dungeon Crawl Stone Soup version 0.29.1-1-gd02db6906a (webtiles) character file.

Game seed: 16382394729424460150

79 Tirrikindir the Ducker (level 4, -3/31 HPs)
             Began as an Octopode Fighter on Oct 21, 2022.
             Slain by a gnoll
             ... wielding a +0 club
              (6 damage)
             ... on level 2 of the Dungeon.
             The game lasted 00:04:12 (2161 turns).

Tirrikindir the Ducker (Octopode Fighter)           Turns: 2161, Time: 00:04:12

Health: -3/31      AC:  1    Str: 15    XL:     4   Next: 38%
Magic:  4/4        EV: 17    Int: 12    God:
Gold:   91         SH:  4    Dex: 11    Spells: 3/3 levels left

rFire   . . .      SeeInvis .   e - staff of earth
rCold   . . .      Faith    .   b - +0 buckler
rNeg    . . .      Spirit   .   (helmet restricted)
rPois   .          Reflect  .   (no amulet)
rElec   .          Harm     .   d - +4 ring of evasion
rCorr   .          Rampage  .   (no ring)
Will    .....                   (no ring)
Stlth   +++.......              (no ring)
HPRegen 0.10/turn               (no ring)
MPRegen 0.09/turn               (no ring)
                                (no ring)
                                (no ring)

@: no status effects
A: almost no armour, amphibious, 8 rings, camouflage 1, gelatinous body 1,
(nimble swimmer 1), tentacles
a: no special abilities


You were on level 2 of the Dungeon.
You visited 1 branch of the dungeon, and saw 2 of its levels.

You collected 91 gold pieces.

Inventory:

Hand Weapons
 a - a +1 long sword
Missiles
 f - 60 stones (quivered)
Armour
 b - a +0 buckler (worn)
Magical Staves
 e - a staff of earth (weapon)
Jewellery
 d - a +4 ring of evasion (left tentacle)
Scrolls
 c - a scroll of enchant weapon
 g - a scroll of teleportation
Potions
 h - a potion of curing
 i - a potion of heal wounds {unknown}


   Skills:
 + Level 3.2 Fighting
 - Level 2.3 Long Blades
 * Level 1.3 Staves
 + Level 3.4 Dodging
 + Level 1.4 Stealth
 + Level 3.3 Shields
 + Level 0.2 Spellcasting
 + Level 0.8 Earth Magic
 + Level 0.8 Evocations


You had 3 spell levels left.
You didn't know any spells.
Your spell library contained the following spells:

 Spells                   Type           Power      Damage    Failure   Level
 Blink                    Tloc           0%         N/A       54%         2
 Lesser Beckoning         Tloc           0%         N/A       78%         3
 Manifold Assault         Tloc           0%         N/A       100%        5


Dungeon Overview and Level Annotations

Branches:
Dungeon (2/15)

Altars:

Shops:
D:2 *


Innate Abilities, Weirdness & Mutations

You cannot wear most types of armour.
You are amphibious.
You can wear up to eight rings at the same time.
Your skin changes colour to match your surroundings (Stealth+).
Your rubbery body absorbs attacks. (AC +1, EV +1)
((You are camouflaged when in or above water. (Stealth+)))
You have tentacles for arms and can constrict up to eight enemies at once.


Message History

You open the door.
There is an open door here.
Found a ring mail.
A gnoll comes into view. It is wielding a +0 spear.
Found a stone staircase leading up.
The gnoll shouts!
A gnoll comes into view. It is wielding a +0 club.
A gnoll comes into view. It is wielding a +0 flail.
Okay, then.
You start waiting.
A gnoll is nearby!
The gnoll completely misses you.
You closely miss the gnoll. You grab the gnoll. You constrict the gnoll.
The gnoll completely misses you.
You hit the gnoll but do no damage.
The gnoll is lightly wounded.
You constrict the gnoll. The gnoll hits you with a +0 spear!
The gnoll hits you with a +0 spear.
The gnoll shouts!
You hit the gnoll but do no damage.
The gnoll is moderately wounded.
You constrict the gnoll.
You hear a shout!
The gnoll struggles to escape constriction.
You hit the gnoll but do no damage.
The gnoll is heavily wounded.
You constrict the gnoll.
The gnoll escapes!
You hit the gnoll but do no damage. Your grab misses the gnoll.
The gnoll is severely wounded.
The gnoll closely misses you. The gnoll completely misses you.
The gnoll attacks as you move away! The gnoll hits you with a +0 spear.
The gnoll hits you from afar with a +0 spear!
* * * LOW HITPOINT WARNING * * *
You hit the gnoll. Your grab misses the gnoll.
The gnoll is lightly wounded.
The gnoll hits you from afar with a +0 spear.
* * * LOW HITPOINT WARNING * * *
The gnoll closely misses you. The gnoll attacks as you move away!
The gnoll hits you with a +0 club.
You die...

...♣....(.#########..............
##...............................
#♣∩♣.....#########.###########.#
#.......##......#. . .#
#♣......##.####.#.##.## ## ## #
#..........#..#.#..#.. ... #
#####.........#.#..#.#.gg. ###
#..###.#.##.#....g.... ..# #..#
#..gg@.#......... #.#####..#
#.#.#####.#..... .........#
#.#....g........< ########.#
#.......[.#####..
.......#.................
[....#.####################
.###.#....................#
..........................#
####.######################


You could see 2 gnolls.

Vanquished Creatures
  3 gnolls (D:2)
  3 dart slugs (D:1)
  2 ball pythons (D:1)
  6 bats
  3 endoplasms
  3 giant cockroaches (D:1)
  6 goblins (D:1)
  5 hobgoblins
  A jackal (D:1)
  4 kobolds
  2 quokkas (D:1)
  A frilled lizard (D:2)
  A rat (D:1)
40 creatures vanquished.

Notes
Turn   | Place    | Note
-------+----------+-------------------------------------------
     0 | D:1      | Tirrikindir the Octopode Fighter began the quest for the
                  | Orb.
     0 | D:1      | Reached XP level 1. HP: 16/16 MP: 1/1
   128 | D:1      | Reached XP level 2. HP: 11/21 MP: 2/2
   702 | D:1      | Reached skill level 1 in Stealth
   714 | D:1      | Found a faded altar of an unknown god.
   721 | D:1      | Reached XP level 3. HP: 26/26 MP: 3/3
  1326 | D:2      | Found Oludgh's Assorted Antiques.
  1378 | D:2      | Reached skill level 1 in Staves
  1416 | D:2      | Reached XP level 4. HP: 24/31 MP: 4/4
  2161 | D:2      | Slain by a gnoll

Illustrated notes

Levels and vault maps discovered:
D:1:      eino_arrival_cavern_d, layout_basic,
          hellmonk_ecumenical_altar_prayer_group, minmay_split_cup_small
D:2:      layout_basic, serial_shops, nicolae_shop_trees

Skill      XL: |  1  2  3 |
---------------+----------+-----
Stealth        | 1 |  1.4
Staves         | 1 |  1.3
Fighting       | |  3.2
Long Blades    | |  2.3
Dodging        | |  3.4
Shields        | |  3.3
Spellcasting   | |  0.2
Earth Magic    | |  0.8
Evocations     | |  0.8

Action                   |  1- 3 |  4- 6 || total
-------------------------+-------+-------++-------
Melee: Long sword        |    16 |       ||    16
       Constrict         |    18 |     4 ||    22
       Staff             |    54 |    25 ||    79
       Tentacles         |    11 |     4 ||    15
Throw: Stone             |     1 |       ||     1
  Use: Scroll            |     2 |       ||     2
       Potion            |     1 |     1 ||     2
 Stab: Sleeping          |     6 |     1 ||     7
Armor: Skin              |     6 |       ||     6
Dodge: Dodged            |    42 |    16 ||    58
Block: Buckler           |    20 |     1 ||    21
